 Dungeon Sprint DCSS version 0.28.0-1-gb440e238dd (webtiles) character file.

Game seed: 5429864059407279398

615 boopmooplesden the Fighter (level 7, -12/73 HPs)
             Began as a Minotaur Fighter on Feb 21, 2022.
             Was a Believer of Okawaru.
             Mangled by a small abomination (15 damage)
             ... in the Dungeon (Sprint VII: "The Pits").
             The game lasted 00:01:42 (539 turns).

boopmooplesden the Fighter (Minotaur Fighter)        Turns: 539, Time: 00:01:44

Health: -12/73     AC: 16    Str: 22 (23) XL:     7   Next: 21%
Magic:  5/6        EV:  7    Int:  5      God:    Okawaru [**....]
Gold:   0          SH:  6    Dex:  9      Spells: 6/6 levels left

rFire   . . .      SeeInvis .   o - +2 long sword (flame)
rCold   . . .      Faith    .   c - +0 buckler
rNeg    . . .      Spirit   .   p - +2 plate armour
rPois   .          Reflect  .   (helmet restricted)
rElec   .          Harm     .   (no cloak)
rCorr   .          Rampage  .   (no gloves)
Will    .....      NoTele   +   (no boots)
Stlth   ..........              (no amulet)
HPRegen 0.22/turn               (no ring)
MPRegen 0.10/turn               (no ring)

@: afraid, slowed, very slow
A: horns 2, retaliatory headbutt
a: Renounce Religion, Heroism


You were in the Dungeon.
You worshipped Okawaru.
Okawaru was pleased with you.
You visited 1 branch

Inventory:

Hand Weapons
 a - a +0 long sword
 k - a +2 falchion
 o - a +2 long sword of flaming (weapon)
Armour
 b - a +0 scale mail
 c - a +0 buckler (worn)
 p - a +2 plate armour (worn)
Scrolls
 j - a scroll of blinking
 m - 5 scrolls of amnesia
 n - a scroll of summoning
Potions
 d - a potion of might
 e - 5 potions of curing
 f - 3 potions of heal wounds
 g - a potion of haste
 h - 4 potions of magic
 i - 3 potions of berserk rage
 l - 2 potions of invisibility


   Skills:
 + Level 10.5 Fighting
 + Level 10.1 Long Blades
 + Level 9.5 Armour
 + Level 1.8 Dodging
 + Level 9.5 Shields


You had 6 spell levels left.
You didn't know any spells.
Your spell library was empty.

Dungeon Overview and Level Annotations

Branches:
Dungeon (1/1)

Altars:
Ashenzari
Cheibriados
Dithmenos
Elyvilon
Fedhas
Gozag
Hepliaklqana
Kikubaaqudgha
Makhleb
Nemelex Xobeh
Okawaru
Qazlal
Ru
Sif Muna
Trog
Uskayaw
Vehumet
Wu Jian
Xom
Yredelemnul
Zin
The Shining One
Beogh
Jiyva
Lugonu


Innate Abilities, Weirdness & Mutations

You have a pair of horns on your head.
You reflexively headbutt those who attack you in melee.


Message History

You feel as though you will be slow longer.
The eidolon hits you but does no damage.
The small abomination hits you but does no damage.
You hit the eidolon but do no damage. You headbutt the eidolon.
The eidolon is moderately damaged.
The eidolon closely misses you. You block the eidolon's attack.
The small abomination hits you.
* * * LOW HITPOINT WARNING * * *
You barely miss the eidolon.
The eidolon is moderately damaged.
The small abomination hits you!
* * * LOW HITPOINT WARNING * * *
The eidolon hits you but does no damage. x2
You feel much better.
You feel like a meek peon again. The small abomination hits you.
* * * LOW HITPOINT WARNING * * *
The eidolon hits you.
* * * LOW HITPOINT WARNING * * *
The eidolon drains your vigour!
You feel as though you will be slow longer.
The eidolon hits you but does no damage.
The small abomination hits you.
* * * LOW HITPOINT WARNING * * *
The eidolon gestures.
The eidolon radiates an aura of fear!
You are terrified of the eidolon!
You hit the small abomination but do no damage.
You block the small abomination's attack.
The eidolon barely misses you. The eidolon hits you.
* * * LOW HITPOINT WARNING * * *
The small abomination hits you but does no damage.
You slash the small abomination! You burn the small abomination.
You headbutt the small abomination!
The small abomination is severely damaged.
You block the eidolon's attack. The eidolon hits you.
* * * LOW HITPOINT WARNING * * *
You feel weakened. The small abomination hits you!
You die...

#.####)##'###...<...#
#†#........##.......#
#.#........##.......#
#'###########.......#
#..#.#.##..##########
#.......#)######
##.#.#.##.#....#
#.......#'#†...#
##.#.#.##.@W...+
#.......#÷#x...#
##.#.#..).#....#
###############


You could see an eidolon (scary) and a small abomination.

Vanquished Creatures
  Menkaure (D)
  Edmund (D)
  A water moccasin (D)
  An ice beast (D)
  A black bear (D)
  A wolf (D)
  A kobold brigand (D)
  A scorpion (D)
  A crimson imp (D)
  An adder zombie (D)
  2 orcs (D)
  A ball python (D)
  A bat skeleton (D)
  2 giant cockroaches (D)
  A hobgoblin (D)
  4 jackals (D)
  A ball python skeleton (D)
  A frilled lizard (D)
  A kobold (D)
  A rat (D)
25 creatures vanquished.

Notes
Turn   | Place    | Note
-------+----------+-------------------------------------------
     0 | D        | boopmooplesden the Minotaur Fighter began the quest for the
                  | Orb.
     0 | D        | Reached XP level 1. HP: 19/19 MP: 0/0
    37 | D        | Found a bloodstained altar of Trog.
    37 | D        | Found a shimmering blue altar of Sif Muna.
    37 | D        | Found a viscous altar of Jiyva.
    37 | D        | Found a hazy altar of Hepliaklqana.
    37 | D        | Found an opulent altar of Gozag.
    38 | D        | Found a glowing golden altar of the Shining One.
    38 | D        | Found a glowing silver altar of Zin.
    38 | D        | Found a basalt altar of Yredelemnul.
    38 | D        | Found a shimmering altar of Xom.
    38 | D        | Found an ornate altar of the Wu Jian Council.
    38 | D        | Found a sacrificial altar of Ru.
    38 | D        | Found a stormy altar of Qazlal.
    38 | D        | Found an iron altar of Okawaru.
    38 | D        | Found a sparkling altar of Nemelex Xobeh.
    38 | D        | Found a burning altar of Makhleb.
    38 | D        | Found a blossoming altar of Fedhas.
    38 | D        | Found a white marble altar of Elyvilon.
    38 | D        | Found a shadowy altar of Dithmenos.
    38 | D        | Found a snail-covered altar of Cheibriados.
    39 | D        | Found a radiant altar of Vehumet.
    39 | D        | Found a corrupted altar of Lugonu.
    40 | D        | Found a hide-covered altar of Uskayaw.
    40 | D        | Found an ancient bone altar of Kikubaaqudgha.
    40 | D        | Found a broken altar of Ashenzari.
    45 | D        | Became a worshipper of Warmaster Okawaru
    80 | D        | Reached XP level 2. HP: 28/28 MP: 1/1
   147 | D        | Noticed an ice beast
   148 | D        | Noticed a wolf
   149 | D        | Noticed a crimson imp
   157 | D        | Killed an ice beast
   158 | D        | Reached skill level 5 in Long Blades
   158 | D        | Reached XP level 3. HP: 38/38 MP: 2/2
   158 | D        | Reached XP level 4. HP: 45/45 MP: 3/3
   161 | D        | Killed a wolf
   161 | D        | Reached * piety under Okawaru
   162 | D        | Reached XP level 5. HP: 53/53 MP: 4/4
   198 | D        | Noticed Edmund
   206 | D        | Killed Edmund
   207 | D        | Reached skill level 1 in Dodging
   207 | D        | Reached XP level 6. HP: 58/64 MP: 5/5
   229 | D        | Reached ** piety under Okawaru
   232 | D        | Noticed a water moccasin
   232 | D        | Noticed Menkaure
   238 | D        | Reached skill level 10 in Fighting
   241 | D        | Killed Menkaure
   242 | D        | Reached XP level 7. HP: 25/73 MP: 6/6
   245 | D        | Reached skill level 10 in Long Blades
   246 | D        | HP: 2/73 [poisoned by a kobold brigand]
   527 | D        | Noticed an eidolon
   539 | D        | HP: 3/73 [eidolon (5)]
   539 | D        | Mangled by a small abomination

Illustrated notes

Levels and vault maps discovered:
D:        pitsprint [storerooms_1, entrance_room_1, metal_vault_1, armoury_1,
          mini_pit_1, grid_room_1, main_hall_1, silver_pit, the_coven_3,
          the_vestibule_1, steel_vault_3, golden_pit, hallway_of_sentries,
          crystal_vault_6, iron_vault_3, final_vault]

Skill      XL: |  1  2  3  4  5  6  7 |
---------------+----------------------+-----
Fighting       | 4 6 7 9 10 | 10.5
Armour         | 4 6 7 8 9 |  9.5
Shields        | 4 6 7 8 9 |  9.5
Long Blades    | 3 5 6 8 9 10 | 10.1
Dodging        | 1 |  1.8

Action                   |  1- 3 |  4- 6 |  7- 9 || total
-------------------------+-------+-------+-------++-------
Melee: Long sword        |    23 |    45 |    12 ||    80
       Headbutt          |     5 |    11 |     5 ||    21
Invok: Heroism           |       |       |     1 ||     1
  Use: Potion            |       |     1 |     3 ||     4
Armor: Scale mail        |     5 |       |       ||     5
       Plate armour      |     4 |    23 |    12 ||    39
Dodge: Dodged            |    14 |     8 |     6 ||    28
Block: Buckler           |     5 |     8 |     6 ||    19
